 Dungeon Crawl Stone Soup version 0.24.0-125-gc4c63601f3 (webtiles) character file.

Game seed: 3848351415968691616, levelgen mode: deterministic

19066 Johnny the Geomancer (level 12, -2/106 HPs)
             Began as a Demigod Earth Elementalist on Feb 22, 2020.
             Killed by divine providence
             ... invoked by an orc priest
              (16 damage)
             ... on level 11 of the Dungeon.
             The game lasted 00:17:51 (13392 turns).

Johnny the Geomancer (Demigod Earth Elementalist)  Turns: 13392, Time: 00:17:52

Health: -2/106     AC: 10    Str: 11    XL:     12   Next: 6%
Magic:  7/48       EV: 12    Int: 27    God:
Gold:   608        SH:  6    Dex: 16    Spells: 16/29 levels left

rFire    + . .     SeeInvis .   P - +5 short sword (drain)
rCold    + . .     Gourm    .   p - +0 buckler
rNeg     . . .     Faith    .   S - +2 troll leather armour
rPois    .         Spirit   .   w - +0 helmet
rElec    .         Reflect  .   y - scarf {rC+ rF+}
rCorr    .         Harm     .   (no gloves)
MR       +....                  x - +2 pair of boots
Stlth    ++........             b - amulet of the acrobat
HPRegen  0.67/turn              H - ring of magical power
MPRegen  0.31/turn              o - ring of magical power

@: no status effects
A: high mp 1
a: no special abilities


You were on level 11 of the Dungeon.
You were near starving.

You visited 2 branches of the dungeon, and saw 12 of its levels.
You also visited: Sewer and Ossuary.

You collected 735 gold pieces.
You spent 127 gold pieces at shops.

Inventory:

Hand Weapons
 P - a +5 short sword of draining (weapon)
Missiles
 O - 104 stones (quivered)
Armour
 p - a +0 buckler (worn)
 w - a +0 helmet (worn)
 x - a +2 pair of boots (worn)
 y - a scarf of resistance (worn)
 S - a +2 troll leather armour (worn)
Magical Staves
 V - an uncursed staff of air {unknown}
Jewellery
 a - an uncursed ring of wizardry
 b - an amulet of the acrobat (around neck)
 o - a ring of magical power (right hand)
 C - an uncursed amulet of rage
 G - an uncursed ring of fire {unknown}
 H - a ring of magical power (left hand)
 Q - a +3 ring of intelligence {unknown}
Wands
 j - a wand of scattershot (3)
 M - a wand of flame (11)
 N - a wand of digging (3)
 T - a wand of acid (4)
Scrolls
 f - a scroll of fear
 h - a scroll of torment
 i - 4 scrolls of teleportation
 l - 5 scrolls of immolation
 m - a scroll of vulnerability {unknown}
 r - 2 scrolls of blinking
 s - 2 scrolls of magic mapping {unknown}
 u - 5 scrolls of remove curse
 E - 2 scrolls of noise
 F - 2 scrolls of amnesia {unknown}
 I - 3 scrolls of acquirement {unknown}
 R - a scroll of fog {unknown}
 U - a scroll of identify
Potions
 c - a potion of berserk rage {unknown}
 e - a potion of invisibility
 g - 6 potions of degeneration
 k - 9 potions of curing
 n - 6 potions of flight
 q - 3 potions of mutation
 t - a potion of resistance
 v - 4 potions of heal wounds
 z - a potion of agility {unknown}
 A - a potion of brilliance {unknown}
 B - a potion of magic {unknown}
 D - 2 potions of lignification {unknown}
 J - 3 potions of haste {unknown}
 K - a potion of might {unknown}
 L - a potion of cancellation {unknown}
Miscellaneous
 W - a box of beasts
Comestibles
 d - 13 rations


   Skills:
 + Level 10.0 Fighting
 - Level 1.7 Dodging
 - Level 1.7 Stealth
 + Level 7.5 Shields
 + Level 9.4 Spellcasting
 - Level 0.8 Transmutations
 + Level 10.3 Earth Magic


You had 16 spell levels left.
You knew the following spells:

 Your Spells              Type           Power        Failure   Level  Hunger
a - Sandblast             Erth           ######       1%          1    None
b - Stone Arrow           Conj/Erth      #####.       2%          3    None
c - Lee's Rapid Deconstr  Erth           ######....   2%          5    ####...
d - Petrify               Tmut/Erth      #####...     6%          4    None

Your spell library contained the following spells:

 Spells                   Type           Power        Failure   Level  Hunger
 Passwall                 Tmut/Erth      #####...     1%          2    None
 Corona                   Hex            ##.....      6%          1    None
 Sting                    Conj/Pois      ##..         6%          1    None
 Ensorcelled Hibernation  Hex/Ice        ##....       9%          2    None
 Poisonous Vapours        Pois/Air       ##....       9%          2    None
 Confuse                  Hex            ##......     19%         3    None
 Dazzling Spray           Conj/Hex       ##....       19%         3    None
 Mephitic Cloud           Conj/Pois/Air  ##......     19%         3    None
 Tukima's Dance           Hex            ##......     19%         3    None
 Olgreb's Toxic Radiance  Pois           ##......     52%         4    None
 Venom Bolt               Conj/Pois      ##........   86%         5    ####...
 Malign Gateway           Summ/Tloc      ##........   100%        7    #######
 Monstrous Menagerie      Summ           ##........   100%        7    #######
 Summon Greater Demon     Summ           ##........   100%        7    #######
 Summon Horrible Things   Summ           ##........   100%        8    #######


Dungeon Overview and Level Annotations

Branches:
Dungeon (11/15)            Temple (0/1) D:5            Lair (1/6) D:9
    Orc (0/2) D:10          Sewer (visited)         Ossuary (visited)

Shops:
D:7 [%?:*   D:9 =?


Innate Abilities, Weirdness & Mutations

You have an increased reservoir of magic. (+10% MP)


Message History

r - Retreat! s - Stop attacking. g - Guard the area. f - Follow me.
Anything else - Cancel.
Gang up on whom?
Press: ? - help, Dir - move target cursor, f - orc priest
Aim: an orc priest, wielding a +0 dagger and wearing a +0 chain mail Attack!
Your larval fireox beast misses the orc priest.
Your larval fireox beast tramples the orc priest but does no damage.
Unknown command.
The orc priest mumbles some strange prayers to Beogh against you.
Beogh smites you!
* * * LOW HITPOINT WARNING * * *
Your larval fireox beast breathes flames at the orc priest.
The blast of flame hits the orc priest!
The blast of flame hits the orc wizard.
Unknown command.
You feel better.
The orc priest invokes the aid of Beogh against you.
Beogh smites you!
You die...

#######
#.??..#
#.....#
#.....#
#.....#
#@....#
#H....#
###o....#
###.[o....#
###...#.....#
##ooH###.....#
#oo### ###.###
####.# ##o##
.# ..Z..###..#
.#


You could see an orc priest, an orc wizard and a friendly larval fireox beast.

Vanquished Creatures
  Erolcha (D:10)
  The ghost of niknal the Basher, a novice TrFi of Sif Muna (D:9)
  2 two-headed ogres (D:9)
  3 death yaks (D:9)
  An unseen horror (D:10)
  Pikel (D:7)
  4 lindwurms (D:10)
  2 centaur zombies
  A manticore (D:11)
  Joseph (D:10)
  The ghost of
  1994 the Chopper, a novice DsGl of Kikubaaqudgha (D:5)
  A komodo dragon (D:10)
  4 trolls (D:9)
  Sigmund (D:5)
  A centaur simulacrum (D:11)
  A wyvern (D:11)
  9 yaks
  2 hungry ghosts
  A steam dragon (D:10)
  Menkaure (D:5)
  A two-headed ogre zombie (D:10)
  2 porcupines (D:9)
  4 orc warriors
  A necrophage (D:9)
  2 sky beasts
  5 ogres
  7 ice beasts
  2 phantoms (D:10)
  7 centaurs
  6 big kobolds
  9 bullfrogs
  3 gnoll sergeants
  3 troll zombies (D:10)
  9 killer bees (D:8)
  4 wights (D:7)
  4 howler monkeys
  3 crimson imps
  A bullfrog zombie (D:10)
  5 hounds
  4 orc priests
  Crazy Yiuf (D:3)
  2 jellies
  13 orc wizards
  A bullfrog skeleton (D:5)
  Jessica (D:9)
  A centaur skeleton (D:9)
  4 iguanas
  Ijyb (D:5)
  6 worker ants
  4 ogre zombies (D:10)
  A hound skeleton (D:7)
  4 mummies (Ossuary)
  A worker ant zombie (D:6)
  Robin (D:3)
  16 gnolls
  2 howler monkey skeletons
  9 adders
  2 shadow imps
  2 adder zombies
  A worm (D:3)
  A dart slug (D:1)
  3 leopard geckos
  45 orcs
  3 ball pythons
  12 giant cockroaches
  3 gnoll zombies (Ossuary)
  12 goblins
  9 hobgoblins
  12 jackals
  24 kobolds
  4 quokkas
  9 bats
  3 frilled lizards
  A giant cockroach zombie (D:2)
  3 gnoll skeletons (Ossuary)
  7 goblin skeletons
  4 goblin zombies
  8 hobgoblin skeletons
  8 hobgoblin zombies
  5 kobold skeletons (Ossuary)
  10 kobold zombies (Ossuary)
  5 orc skeletons
  14 orc zombies
  10 rats
  4 rat skeletons (Ossuary)
  2 rat zombies (Ossuary)
415 creatures vanquished.

Vanquished Creatures (collateral kills)
  An orc warrior (D:11)
  2 orc priests (D:11)
3 creatures vanquished.

Vanquished Creatures (others)
  A slave (D:7)
  3 orc wizards (D:7)
  A hound zombie (D:7)
  2 orcs
  2 hobgoblin skeletons (Ossuary)
  6 kobolds
  An orc skeleton (Ossuary)
16 creatures vanquished.

Grand Total: 434 creatures vanquished

Notes
Turn   | Place    | Note
-------+----------+-------------------------------------------
     0 | D:1      | Johnny the Demigod Earth Elementalist began the quest for
                  | the Orb.
     0 | D:1      | Reached XP level 1. HP: 14/14 MP: 5/5
   282 | D:1      | Reached XP level 2. HP: 2/22 MP: 1/7
   698 | D:1      | Reached skill level 1 in Fighting
  1717 | D:2      | Reached XP level 3. HP: 8/28 MP: 7/9
  2063 | D:2      | Found a shadowy altar of Dithmenos.
  2457 | D:3      | Noticed Robin
  2461 | D:3      | Reached XP level 4. HP: 36/36 MP: 10/10
  2471 | D:3      | Killed Robin
  2572 | D:3      | Found a glowing drain.
  2582 | D:3      | Found a hazy altar of Hepliaklqana.
  2602 | Sewer    | Entered a sewer
  2784 | Sewer    | Noticed a big kobold
  2789 | Sewer    | Killed a big kobold
  2789 | Sewer    | Reached XP level 5. HP: 35/42 MP: 12/12
  3127 | Sewer    | Reached XP level 6. HP: 34/51 MP: 14/14
  3183 | Sewer    | Learned a level 3 spell: Stone Arrow
  3763 | D:3      | Found a runed translucent door.
  3764 | D:3      | Noticed Crazy Yiuf
  3953 | D:3      | Killed Crazy Yiuf
  4091 | D:4      | Found a glowing silver altar of Zin.
  4101 | D:4      | Found a snail-covered altar of Cheibriados.
  4429 | D:4      | Found a shadowy altar of Dithmenos.
  4637 | D:4      | Found a sacrificial altar of Ru.
  4808 | D:4      | Found a burning altar of Makhleb.
  4845 | D:5      | Entered Level 5 of the Dungeon
  4946 | D:5      | Found a sand-covered staircase.
  4963 | Ossuary  | Entered an ossuary
  5100 | Ossuary  | Reached XP level 7. HP: 51/58 MP: 16/16
  5267 | Ossuary  | Reached skill level 5 in Earth Magic
  5362 | D:5      | Noticed Sigmund
  5390 | D:5      | Killed Sigmund
  5654 | D:5      | Found a runed translucent gate.
  5654 | D:5      | Found a runed translucent gate.
  5654 | D:5      | Found a runed translucent gate.
  5655 | D:5      | Noticed 1994's ghost (novice DsGl)
  5736 | D:5      | Found a staircase to the Ecumenical Temple.
  5750 | D:5      | Noticed Menkaure
  5755 | D:5      | Killed Menkaure
  5832 | D:5      | Learned a level 5 spell: Lee's Rapid Deconstruction
  5837 | D:5      | Learned a level 4 spell: Petrify
  5867 | D:5      | Noticed Ijyb
  5876 | D:5      | Killed Ijyb
  5895 | D:5      | Reached skill level 5 in Fighting
  5895 | D:5      | Reached skill level 5 in Spellcasting
  6060 | D:5      | Reached XP level 8. HP: 66/68 MP: 19/19
  6432 | D:5      | Killed 1994's ghost
  7049 | D:6      | HP: 3/70 [gnoll sergeant/cursed -1 spear (8)]
  7074 | D:6      | Reached XP level 9. HP: 32/78 MP: 22/22
  7635 | D:6      | Reached skill level 1 in Shields
  7851 | D:7      | Found Ymosaxky's Book Shoppe.
  7869 | D:7      | Noticed Pikel
  7880 | D:7      | Killed Pikel
  7901 | D:7      | Found Qyfun's Assorted Antiques.
  7921 | D:7      | Found Ramat's Magic Scroll Boutique.
  7929 | D:7      | Bought a scroll of noise for 15 gold pieces
  7953 | D:7      | Found Ivevoim's Armour Shoppe.
  8030 | D:7      | Found Kellosm's Food Boutique.
  8065 | D:7      | Bought a scroll of identify for 52 gold pieces
  8119 | D:7      | Got a faintly humming chain mail
  8130 | D:7      | Identified the cursed +0 chain mail of the Dwarven Hall
                  | {+Inv rC++ Str-5 Dex+2} (You found it on level 7 of the
                  | Dungeon)
  9039 | D:8      | Reached XP level 10. HP: 86/86 MP: 24/24
  9258 | D:8      | Identified the +1 leather armour of Freedom {+Blink rC+
                  | Int+4}
  9654 | D:8      | Found an opulent altar of Gozag.
 10082 | D:9      | Found a blossoming altar of Fedhas.
 10123 | D:9      | Noticed a two-headed ogre
 10124 | D:9      | Found a runed translucent gate.
 10124 | D:9      | Found a runed translucent gate.
 10124 | D:9      | Found a runed translucent gate.
 10124 | D:9      | Noticed a death yak
 10125 | D:9      | Noticed a death yak
 10125 | D:9      | Noticed niknal's ghost (novice TrFi)
 10141 | D:9      | Noticed a death yak
 10142 | D:9      | Noticed a two-headed ogre
 10146 | D:9      | Killed a death yak
 10146 | D:9      | Killed a death yak
 10150 | D:9      | Killed a death yak
 10150 | D:9      | Reached skill level 5 in Shields
 10456 | D:9      | Found a shattered altar of Ashenzari.
 10511 | D:9      | Noticed Jessica
 10514 | D:9      | Killed Jessica
 10519 | D:9      | Found a shimmering blue altar of Sif Muna.
 10629 | D:9      | Found a staircase to the Lair.
 10644 | D:9      | Killed a two-headed ogre
 10687 | D:9      | Reached XP level 11. HP: 36/95 MP: 3/27
 10903 | D:9      | Found Cuog's Magic Scroll Shoppe.
 10947 | D:9      | Bought a scroll of identify for 24 gold pieces
 10947 | D:9      | Bought a scroll of teleportation for 36 gold pieces
 11088 | D:9      | Found a glowing golden altar of the Shining One.
 11164 | D:9      | Found Goufuivo's Jewellery Shop.
 11262 | D:9      | Killed a two-headed ogre
 11268 | D:9      | Killed niknal's ghost
 11328 | Lair:1   | Entered Level 1 of the Lair of Beasts
 11496 | D:10     | Entered Level 10 of the Dungeon
 11508 | D:10     | Noticed Joseph
 11513 | D:10     | Killed Joseph
 11711 | D:10     | Found a staircase to the Orcish Mines.
 11911 | D:10     | Killed an unseen horror
 12489 | D:10     | Noticed Erolcha
 12498 | D:10     | Killed Erolcha
 12498 | D:10     | Reached skill level 10 in Earth Magic
 12915 | D:10     | Noticed a lindwurm
 12922 | D:10     | Noticed a lindwurm
 12926 | D:10     | Killed a lindwurm
 12933 | D:10     | Noticed a lindwurm
 12933 | D:10     | Noticed a lindwurm
 13086 | D:10     | Killed a lindwurm
 13091 | D:10     | Killed a lindwurm
 13263 | D:10     | Killed a lindwurm
 13290 | D:11     | Found a hide-covered altar of Uskayaw.
 13329 | D:11     | Reached XP level 12. HP: 43/106 MP: 2/29
 13340 | D:11     | Reached skill level 10 in Fighting
 13392 | D:11     | Killed from afar by an orc priest

Levels and vault maps discovered:
D:1:      erik_arrival_cave_to_civilisation [erik_arrival_cave_to_hall],
          layout_basic, serial_rivers, chequers_serial_rivers_small_3,
          chequers_serial_rivers_room_a, chequers_serial_rivers_micro_c,
          chequers_serial_rivers_room_a, chequers_serial_rivers_micro_a,
          minmay_box_of_dots
D:2:      layout_loops_ring, first_ration, grunt_dithmenos_smoke_and_mirrors
D:3:      layout_loops_ring, lemuel_crystal_altar, gup_sewer_entry_glass,
          corexii_corridor_pit, uniq_crazy_yiuf_cottage, uniq_robin
D:4:      layout_layer_cave, nicolae_overflow_quartered_altars,
          lemuel_coloured_pillars_altar
D:5:      layout_loops_corners, minmay_temple_entry_butterflies,
          ebering_ghost_rock_garden, enter_ossuary_1, uniq_sigmund, uniq_ijyb,
          uniq_menkaure
D:6:      layout_gridville, grunt_ministairs_13,
          minmay_a_box_with_orc_wizards_in_it
D:7:      layout_loops_ring, serial_shops, shop,
          nicolae_shop_overgrown_old_shop, nicolae_shop_stone, shop, shop,
          uniq_pikel
D:8:      layout_layer_cave, grunt_gozag_statues, eino_jars
D:9:      layout_roguey, marbit_many_paths, ashenzari_conservatory_becter,
          tgw_sif, dpeg_lair_monsters, gammafunk_ghost_split, serial_shops,
          shop, shop, fedhas_bush_and_centaur_altar
D:10:     layout_gridville, zombieorc2_lemuel, grunt_pizzeria,
          minmay_lindwurm_lava, uniq_joseph, uniq_erolcha
D:11:     layout_rooms, basic_altar
Lair:1:   layout_roguey, beast_lair_carwin_4, infiniplex_staircase_pool_2

Skill      XL: |  1  2  3  4  5  6  7  8  9 10 11 12 |
---------------+-------------------------------------+-----
Spellcasting   | 2 3 4 5 6 7 8 9 |  9.4
Fighting       | 1 2 3 5 6 7 8 9 10 | 10.0
Earth Magic    | 3 4 5 7 8 9 10 | 10.3
Shields        | 3 5 7 |  7.5
Dodging        | |  1.7
Stealth        | |  1.7
Transmutations | |  0.8

Action                   |  1- 3 |  4- 6 |  7- 9 | 10-12 || total
-------------------------+-------+-------+-------+-------++-------
Melee: Dagger            |    74 |   106 |       |       ||   180
       Unarmed           |     4 |       |       |       ||     4
       Lajatang          |    15 |    10 |       |       ||    25
       Quarterstaff      |       |    50 |    51 |       ||   101
       Short sword       |       |     3 |   198 |   262 ||   463
 Cast: Sandblast         |    35 |    60 |    23 |    53 ||   171
       Stone Arrow       |       |    17 |    56 |    92 ||   165
       Lee's Rapid Decon |       |       |    27 |    64 ||    91
       Petrify           |       |       |       |     4 ||     4
Evoke: Wand              |       |       |     4 |    10 ||    14
       Box of beasts     |       |       |       |     2 ||     2
  Use: Potion            |       |       |     4 |     3 ||     7
       Scroll            |       |       |    16 |     8 ||    24
 Stab: Sleeping          |     9 |       |     2 |     2 ||    13
       Petrifying        |       |     1 |     1 |       ||     2
  Eat: Chunk             |     4 |     7 |    14 |     7 ||    32
       Ration            |       |     1 |     3 |     5 ||     9
Armor: Robe              |    17 |    46 |    54 |     7 ||   124
       Troll leather arm |       |       |       |   143 ||   143
Dodge: Dodged            |    86 |   147 |   192 |   308 ||   733
Block: Buckler           |       |       |    11 |   146 ||   157
